 Dungeon Crawl Stone Soup version 0.28-a0-1159-g27aa881441 (webtiles) character file.

Game seed: 7938758571597800219

2 spaghetti the Sneak (level 1, 0/20 HPs)
             Began as a Djinni Delver on Dec 15, 2021.
             Was an Initiate of Ru.
             Slain by a hound (1 damage)
             ... on level 6 of the Dungeon.
             The game lasted 00:00:49 (347 turns).

spaghetti the Sneak (Djinni Delver)                  Turns: 347, Time: 00:00:49

Health: 0/20       AC:  3    Str: 11    XL:     1   Next: 33%
Gold:   7          EV: 12    Int: 11    God:    Ru [......] SH:  0 Dex: 14

rFire   + + .      SeeInvis .     - Unarmed
rCold   x . .      Faith    .   (no shield)
rNeg    . . .      Spirit   .   a - +0 leather armour
rPois   ∞          Reflect  .   (no helmet)
rElec   .          Harm     .   (no cloak)
rCorr   .          Rampage  .   (no gloves)
Will    .....                   (boots unavailable)
Stlth   ++........              (no amulet)
HPRegen 0.06/turn               (no ring)
MPRegen 0.00/turn               (no ring)

@: flying
A: sickness immunity, fire resistance 2, cold vulnerability 1, float, innate
caster, hp casting, extra vitality 1
a: Renounce Religion


You were on level 6 of the Dungeon.
You worshipped Ru.
Ru was noncommittal.
You visited 1 branch of the dungeon, and saw 2 of its levels.

You collected 7 gold pieces.


Innate Abilities, Weirdness & Mutations

You are immune to sickness and miasma.
You are immune to poison.
Your flesh is very heat resistant. (rF++)
You are vulnerable to cold. (rC-)
You float through the air rather than walking.
You learn spells naturally, not from books.
Your magical power is your life essence.
You have superior vitality. (+4 HP)


   Skills:
 - Level 3.0 Fighting
 - Level 2.1 Dodging
 - Level 4.1 Stealth
 + Level 2.2 Unarmed Combat


You couldn't memorise any spells.
You didn't know any spells.
Your spell library was empty.

Inventory:

Hand Weapons
 g - a +0 flail {mace}
   (You took it off an orc on level 6 of the Dungeon)
Armour
 a - a +0 leather armour (worn)
Wands
 f - a wand of digging (3)
Scrolls
 b - a scroll of fog
 c - a scroll of magic mapping {!r}
Potions
 e - a potion of haste {@q3}

Dungeon Overview and Level Annotations

Branches:
Dungeon (6/15)
 Temple: D:4-7

Altars:
Dithmenos
Ru

Annotations:
D:5 Dowan, Duvessa

#..#...##
#.....## #....###
#######
#....#.###.#_#⌠##
#....8.#.#.#.#..#
#..#............#
#.##...........##
#. ##8.#.#.#h#.#
.. ##⌠#⌠###@###
>. ##### ### .>


You could see a hound.


Message History

You kill the orc!
g - a +0 flail {mace} You start resting.
You hear the slow hiss of an avalanche of sand very nearby.
You hear the slow hiss of an avalanche of sand very nearby.
You hear the slow hiss of an avalanche of sand very nearby. 😎 HP[+9]
Your hp is fully restored (20).
You start waiting.
You hear the slow hiss of an avalanche of sand very nearby.
You hear the hiss of an avalanche of sand very nearby.
Done waiting.
Unknown command.
(D) Dungeon
Where to? (? - help)
There is a stone staircase leading up here.
You fly upwards.
Level annotation: Dowan, Duvessa The ogre shouts!
There is a stone staircase leading down here.
An ogre is nearby!
Unknown command.
Unknown command.
You fly downwards.
You hear the hiss of flowing sand.
There is an entrance to an ossuary on this level.
Hurry and find it before the portal is buried!
There is a stone staircase leading up here.
Unknown command. 2 gnolls come into view.
You hear the hiss of a distant avalanche of sand.
Unknown command.
Found a stone staircase leading down.
Found a stone staircase leading down.
Found a sacrificial altar of Ru.
A hound comes into view.
Found a shadowy altar of Dithmenos.
The hound barks!
The hound barely misses you.
You barely miss the hound. The hound bites you but does no damage.
You barely miss the hound. The hound barely misses you.
You barely miss the hound. The hound bites you.
The hound bites you but does no damage.
You miss the hound. The hound bites you. 😮 HP[-6]
You take 6 damage, and now have 14/20 hp.
MASSIVE DAMAGE!! (PAUSE) Unknown command.
You closely miss the hound. The hound barely misses you.
The hound bites you. 😮 HP[-3]
You take 3 damage, and now have 11/20 hp.
You closely miss the hound. The hound barely misses you.
Unknown command.
You completely miss the hound. The hound barely misses you.
The hound bites you.
* * * LOW HITPOINT WARNING * * *
😨 HP[-3]
You take 3 damage, and now have 8/20 hp.
Unknown command.
Unknown command.
You closely miss the hound. The hound bites you.
* * * LOW HITPOINT WARNING * * *
😨 HP[-1]
You take 1 damage, and now have 7/20 hp.
Unknown command.
As you read the scroll of fear, it crumbles to dust.
You assume a fearsome visage.
The hound looks frightened! 😨 HP[+1] Cornered, the hound turns to fight!
There is a sacrificial altar of Ru here.
You hover solemnly before the altar of Ru.
Ru welcomes you! The hound bites you but does no damage.
Okay, then.
You miss the hound. The hound bites you.
* * * LOW HITPOINT WARNING * * *
😨 HP[-1]
You take 1 damage, and now have 7/20 hp.
You closely miss the hound. The hound bites you.
* * * LOW HITPOINT WARNING * * *
The hound closely misses you. 😱 HP[-3]
You take 3 damage, and now have 4/20 hp.
You hit the hound. The hound barely misses you.
You barely miss the hound. The hound closely misses you.
The hound bites you but does no damage.
You completely miss the hound. The hound bites you but does no damage.
You hit the hound. The hound barely misses you. The hound closely misses you.
You miss the hound. The hound bites you but does no damage.
You hit the hound. The hound barely misses you.
You miss the hound. The hound bites you.
* * * LOW HITPOINT WARNING * * *
The hound closely misses you. 😱 HP[-3]
You take 3 damage, and now have 1/20 hp.
Unknown command.
Press < or > to pray at altars.
Unknown command.
Press < or > to pray at altars.
You hit the hound but do no damage. The hound bites you.
You die...

Action                   || total
-------------------------++-------
Melee: Unarmed           ||    27
       Punch             ||     1
  Use: Scroll            ||     1
Armor: Leather armour    ||     7
Dodge: Dodged            ||    15

Levels and vault maps discovered:
D:5:      layout_loops_cross, xom_butterflies, kennysheep_boxes, uniq_ijyb,
          uniq_duvessa, uniq_menkaure
D:6:      layout_cave_pods, eat_drink_and_be_merry_uskayaw,
          cheibrodos_ashenzari_chains, minitemple,
          minmay_temple_entry_gardened_gates, chequers_ossuary_entry_cave,
          minivault_5

Notes
Turn   | Place    | Note
-------+----------+-------------------------------------------
     0 | D:5      | spaghetti the Djinni Delver began the quest for the Orb.
     0 | D:5      | Reached XP level 1. HP: 20/20 MP: 0/0
     0 | D:5      | magus.rc [v1.9.6]
     4 | D:5      | Noticed Dowan
     4 | D:5      | Noticed Duvessa
   275 | D:5      | Noticed an ogre
   321 | D:6      | Found a sacrificial altar of Ru.
   322 | D:6      | Found a shadowy altar of Dithmenos.
   322 | D:6      | Noticed a hound
   337 | D:6      | Became a worshipper of Ru the Awakened
   339 | D:6      | HP: 4/20 [hound (3)]
   346 | D:6      | HP: 1/20 [hound (3)]
   347 | D:6      | Slain by a hound

Vanquished Creatures
  An orc (D:6)
1 creature vanquished.

Table legend:
 A = Non-vault XP
 B = Vault XP
 C = Vault XP percentage of total XP
 D = Non-vault monster count
 E = Vault monster count
 F = Vault count percentage of total count
                 A         B        C        D         E       F
            +---------+---------+-------+---------+---------+-------
      Total |       3 |       0 |   0.0 |       1 |       0 |   0.0
            +---------+---------+-------+---------+---------+-------
        D:6 |       3 |       0 |   0.0 |       1 |       0 |   0.0
            +---------+---------+-------+---------+---------+-------

Illustrated notes

Table legend:
 A = Kills in this place as a percentage of kills in entire the game.
 B = Kills by you in this place as a percentage of kills by you in the entire game.
 C = Kills by friends in this place as a percentage of kills by friends in the entire game.
 D = Other kills in this place as a percentage of other kills in the entire game.
 E = Experience gained in this place as a percentage of experience gained in the entire game.
 F = Experience gained in this place divided by the number of levels of this place that you have seen.
                   A       B       C       D       E      F
               +-------+-------+-------+-------+-------+----------------------
         Total | 100.0 | 100.0 |   N/A |   N/A | 100.0 |   1.5
       Dungeon | 100.0 | 100.0 |   N/A |   N/A | 100.0 |   1.5
               +-------+-------+-------+-------+-------+----------------------

Table legend: (Time is in decaauts)
 A = Elapsed time spent in this place.
 B = Non-inter-level travel time spent in this place.
 C = Inter-level travel time spent in this place.
 D = Time resting spent in this place.
 E = Time spent auto-exploring this place.
 F = Levels seen in this place.
 G = Mean time per level.
                   A        B        C        D        E       F      G
               +--------+--------+--------+--------+--------+-----+--------+
         Total |    346 |    338 |      8 |    237 |     33 |   2 |  173.0 |
       Dungeon |    346 |    338 |      8 |    237 |     33 |   2 |  173.0 |
               +--------+--------+--------+--------+--------+-----+--------+

Top non-repeatable levels by time:
     D:6: 336 daAuts
     D:5: 10 daAuts
